 Dungeon Crawl Stone Soup version 0.28-a0-1555-g9ae15a6949 (webtiles) character file.

Game seed: 18021085256728613246

60459 lunkers the Nimble (level 14, -8/184 HPs)
             Began as a Vampire Enchanter on Jan 18, 2022.
             Was the Champion of Ashenzari.
             Mangled by a sixfirhy (9 damage)
             ... in a Gauntlet.
             The game lasted 01:11:50 (21788 turns).

lunkers the Nimble (Vampire Enchanter)             Turns: 21788, Time: 01:11:51

Health: -8/184     AC: 15    Str:  7    XL:     14   Next: 57%
Magic:  27/33      EV: 18    Int: 28    God:    Ashenzari [******]
Gold:   2986       SH: 13    Dex: 21    Spells: 18/43 levels left

rFire   . . .      SeeInvis +   M - +0 dagger of Ashenzari's Anarchy {venom, Bglg, Melee} (curse)
rCold   . . .      Faith    .   l - +2 buckler of the Restrained Sorrow {Cun, Alch} (curse)
rNeg    . . .      Spirit   .   K - +0 swamp dragon scales of the Manifest Doubts {rPois, Evo, Alch} (curse)
rPois   +          Reflect  +   E - +1 helmet of Ashenzari's Black Moon {Comp, Evo} (curse)
rElec   .          Harm     .   v - scarf "Prescient Annoyance" {shadows, Alch, Cun} (curse)
rCorr   .          Rampage  +   T - +2 pair of gloves "Cosmic Henotheism" {Comp, Alch} (curse)
Will    +....      Clarity  +   B - +2 pair of boots of Ashenzari's Urgency {rampage, Self, Alch} (curse)
Stlth   .......... NoTele   +   y - amulet of Ashenzari's Vision {Reflect SH+5, Self, Bglg} (curse)
HPRegen 0.60/turn               p - ring "Shackled Pragmatism" {Dex+6, Self, Comp} (curse)
MPRegen 0.23/turn               C - ring of the Shattered Vision {Int+6, Melee, Alch} (curse)

@: berserking, healing quickly, very quick
A: alive, fangs 3, see invisible, vampiric 2
a: Exsanguinate, Renounce Religion, Shatter the Chains


You were in a Gauntlet.
You worshipped Ashenzari.
Ashenzari was exalted by your worship.
You visited 3 branches of the dungeon, and saw 18 of its levels.
You also visited: Ossuary, Bailey and Gauntlet.

You collected 2986 gold pieces.

Inventory:

Hand Weapons
 f - the +6 dagger of Dawn {vorpal, Str+3 Dex+5}
   (You found it on level 10 of the Dungeon)

   It inflicts extra damage upon your enemies.
   Str:       It affects your strength (+3).
   Dex:       It affects your dexterity (+5).
 M - the cursed +0 dagger of Ashenzari's Anarchy (weapon) {venom, Bglg, Melee}
   (You took it off an orc on level 9 of the Dungeon)

   It poisons the flesh of those it strikes.
   It has a curse which improves the following skills: Beguiling: Conjurations,
   Hexes and Translocations.
   Melee Combat: Short Blades, Long Blades, Axes, Maces & Flails, Polearms,
   Staves and Unarmed Combat.
Missiles
 J - a curare-tipped dart
 O - 3 throwing nets
Armour
 l - the cursed +2 buckler of the Restrained Sorrow (worn) {Cun, Alch}
   (You found it on level 3 of the Dungeon)

   It has a curse which improves the following skills: Cunning: Dodging and
   Stealth.
   Alchemy:   Poison Magic and Transmutations.
 m - a +1 helmet
 v - the cursed scarf "Prescient Annoyance" (worn) {shadows, Alch, Cun}
   (You found it on level 4 of the Dungeon)

   It has a curse which improves the following skills: Alchemy: Poison Magic and
   Transmutations.
   Cunning:   Dodging and Stealth.
 w - a +2 leather armour of cold resistance
 B - the cursed +2 pair of boots of Ashenzari's Urgency (worn) {rampage, Self, Alch}
   (You found it on level 1 of the Lair of Beasts)

   It has a curse which improves the following skills: Introspection: Fighting
   and Spellcasting.
   Alchemy:   Poison Magic and Transmutations.
 D - a scarf of repulsion
 E - the cursed +1 helmet of Ashenzari's Black Moon (worn) {Comp, Evo}
   (You found it on level 7 of the Dungeon)

   It has a curse which improves the following skills: Companions: Summonings
   and Necromancy.
   Evocations: Evocations.
 K - the cursed +0 swamp dragon scales of the Manifest Doubts (worn) {rPois, Evo, Alch}
   (You took it off Maggie on level 8 of the Dungeon)

   rPois:     It protects you from poison.
   It has a curse which improves the following skills: Evocations: Evocations.
   Alchemy:   Poison Magic and Transmutations.
 N - a +0 kite shield
 P - the +3 ring mail of Autumn {Int+4 Stlth-}
   (You found it on level 9 of the Dungeon)

   Int:       It affects your intelligence (+4).
   Stlth:     It makes you less stealthy.
 T - the cursed +2 pair of gloves "Cosmic Henotheism" (worn) {Comp, Alch}
   (You found it on level 3 of the Lair of Beasts)

   It has a curse which improves the following skills: Companions: Summonings
   and Necromancy.
   Alchemy:   Poison Magic and Transmutations.
 W - a +0 pair of gloves of strength
Jewellery
 p - the cursed ring "Shackled Pragmatism" (left hand) {Dex+6, Self, Comp}
   (You found it on level 4 of the Dungeon)

   [ring of dexterity]

   Dex:       It affects your dexterity (+6).
   It has a curse which improves the following skills: Introspection: Fighting
   and Spellcasting.
   Companions: Summonings and Necromancy.
 y - the cursed amulet of Ashenzari's Vision (around neck) {Reflect SH+5, Self, Bglg}
   (You found it on level 4 of the Dungeon)

   [amulet of reflection]

   It reflects blocked missile attacks.
   SH:        It affects your SH (+5).
   It has a curse which improves the following skills: Introspection: Fighting
   and Spellcasting.
   Beguiling: Conjurations, Hexes and Translocations.
 C - the cursed ring of the Shattered Vision (right hand) {Int+6, Melee, Alch}
   (You found it on level 6 of the Dungeon)

   [ring of intelligence]

   Int:       It affects your intelligence (+6).
   It has a curse which improves the following skills: Melee Combat: Short
   Blades, Long Blades, Axes, Maces & Flails, Polearms, Staves and Unarmed
   Combat.
   Alchemy:   Poison Magic and Transmutations.
Wands
 k - a wand of iceblast (4)
 n - a wand of acid (8)
 x - a wand of paralysis (9)
 z - a wand of polymorph (16)
 L - a wand of mindburst (5)
 Q - a wand of flame (21)
 V - a wand of charming (3)
 Z - a wand of digging (8)
Scrolls
 e - a scroll of blinking
 g - 3 scrolls of enchant armour
 o - 12 scrolls of teleportation
 t - 3 scrolls of immolation
 G - 5 scrolls of magic mapping
 H - 4 scrolls of enchant weapon
 R - 2 scrolls of fear
 X - 4 scrolls of fog
Potions
 b - 10 potions of curing
 c - 6 potions of flight
 d - 2 potions of cancellation
 h - 4 potions of might
 i - a potion of lignification
 j - a potion of heal wounds
 q - 2 potions of resistance
 r - a potion of berserk rage
 s - 2 potions of magic
 u - 2 potions of attraction
 A - a potion of ambrosia
 F - a potion of haste
 I - 2 potions of mutation
 S - 7 potions of brilliance


   Skills:
 - Level 10.3(15.4) Fighting
 - Level 8.0(11.9) Short Blades
 - Level 12.5(16.4) Dodging
 - Level 12.0(15.9) Stealth
 - Level 4.0 Shields
 - Level 10.1(15.2) Spellcasting
 - Level 12.4(16.3) Hexes
 - Level 10.3(15.4) Summonings
 + Level 4.3(11.3) Transmutations
 + Level 4.0 Earth Magic


You had 18 spell levels left.
You knew the following spells:

 Your Spells              Type           Power      Damage    Failure   Level
b - Ensorcelled Hibernat  Hex/Ice        100%       N/A       1%          2
c - Confusing Touch       Hex            85%        N/A       1%          3
d - Tukima's Dance        Hex            85%        N/A       1%          3
e - Call Canine Familiar  Summ           82%        N/A       1%          3
f - Summon Guardian Gole  Hex/Summ       83%        N/A       1%          3
g - Yara's Violent Unrav  Hex/Tmut       39%        3d16      1%          5
h - Statue Form           Tmut/Erth      39%        N/A       58%         6

Your spell library contained the following spells:

 Spells                   Type           Power      Damage    Failure   Level
 Summon Small Mammal      Summ           100%       N/A       1%          1
 Dazzling Flash           Conj/Hex       100%       N/A       1%          3
 Inner Flame              Hex/Fire       61%        N/A       1%          3
 Portal Projectile        Hex/Tloc       100%       N/A       1%          3
 Cause Fear               Hex            42%        N/A       1%          4
 Leda's Liquefaction      Hex/Erth       33%        N/A       1%          4
 Blade Hands              Tmut           35%        N/A       3%          5
 Animate Skeleton         Necr           50%        N/A       9%          1
 Pain                     Necr           100%       1d9       9%          1
 Foxfire                  Conj/Fire      88%        2x1d8     10%         1
 Shock                    Conj/Air       88%        1d8       10%         1
 Vampiric Draining        Necr           25%        2d7       24%         3
 Alistair's Intoxication  Tmut/Pois      36%        N/A       24%         5
 Conjure Flame            Conj/Fire      22%        6-21      30%         3
 Swiftness                Air            21%        N/A       32%         3
 Passage of Golubria      Tloc           24%        N/A       65%         4
 Discord                  Hex            42%        N/A       65%         8
 Flame Wave               Conj/Fire      22%        2d6       69%         4
 Airstrike                Air            10%        N/A       73%         4
 Borgnjor's Vile Clutch   Necr/Erth      17%        N/A       75%         5
 Eringya's Noxious Bog    Tmut/Pois      27%        N/A       78%         6
 Excruciating Wounds      Necr           12%        N/A       92%         5
 Iron Shot                Conj/Erth      17%        9d4       100%        6


Dungeon Overview and Level Annotations

Branches:
Dungeon (11/15)            Temple (1/1) D:6            Lair (6/6) D:8
  Swamp (0/4) Lair:4        Snake (0/4) Lair:2        Slime (0/5) Lair:5
Ossuary (visited)          Bailey (visited)         Gauntlet (1/1)
    Orc: D:9-12

Altars:
Ashenzari
Cheibriados
Dithmenos
Elyvilon
Fedhas
Gozag
Hepliaklqana
Kikubaaqudgha
Makhleb
Nemelex Xobeh
Okawaru
Qazlal
Ru
Sif Muna
Trog
Uskayaw
Vehumet
Wu Jian
Xom
Yredelemnul
Zin
The Shining One
Ignis

Shops:
D:1 ?

Annotations:
D:4 2 runed translucent doors
D:9 exclusion: ice statue Gauntlet 9 transporters


Innate Abilities, Weirdness & Mutations

Your natural rate of healing is accelerated.
You have razor-sharp teeth.
You have supernaturally acute eyesight. (SInv)
You are afflicted with vampirism and can become a bat while bloodless.


Message History

The sixfirhy shocks you!
* * * LOW HITPOINT WARNING * * *
The sixfirhy closely misses you. The sixfirhy barely misses you.
Your warg bites the sixfirhy!
A red film seems to cover your vision as you go berserk!
You feel yourself moving faster!
You feel mighty! The sixfirhy barely misses you.
The sixfirhy hits you but does no damage.
The sixfirhy barely misses you.
The sixfirhy hits you but does no damage. x4
The sixfirhy hits you.
* * * LOW HITPOINT WARNING * * *
The sixfirhy shocks you!
* * * LOW HITPOINT WARNING * * *
The sixfirhy hits you but does no damage.
Your warg bites the sixfirhy.
The sixfirhy barely misses you. x2
You struggle against the net.
You feel a strong urge to attack something.
The sixfirhy hits you but does no damage.
The sixfirhy hits you.
* * * LOW HITPOINT WARNING * * *
The sixfirhy shocks you!
* * * LOW HITPOINT WARNING * * *
The sixfirhy hits you.
* * * LOW HITPOINT WARNING * * *
The sixfirhy shocks you!
* * * LOW HITPOINT WARNING * * *
The sixfirhy hits you.
* * * LOW HITPOINT WARNING * * *
The sixfirhy shocks you!
* * * LOW HITPOINT WARNING * * *
The sixfirhy hits you!
* * * LOW HITPOINT WARNING * * *
The sixfirhy shocks you!
* * * LOW HITPOINT WARNING * * *
The sixfirhy closely misses you.
Your warg closely misses the sixfirhy.
You shred the net and break free! The sixfirhy hits you.
* * * LOW HITPOINT WARNING * * *
The sixfirhy shocks you!
You die...

#8#..##Z##..#.##...#5{#.
###..#Z##.#..###...#5#{.
###..##Z.##.#..#...##p5.
###..###########...#####
#8#.....#.©.#....≈....#.
###...8.#...#...≈8≈...#.
###.....#.©.#....§....#.
###..###########...#####
#8#..#3@#[©...}#...#.."!
###..#333#..^..#...#.#.#
###..#h^.#....##...#..#.
###..#.9..#.##^#...#.#.#
#8#..#..^###^..#...#..#.
###..#.##.#©...#...#.#.#
###..##....#.§.#...#9.#.
###..#..3.§#...#...#9#.#
#8#..#9....§#.§#...#Y9..


You could see 4 sixfirhies, a centaur warrior zombie, a friendly guardian golem
(summoned) and a friendly warg (summoned, sheltered).

Vanquished Creatures
  The ghost of flotson the Fighter, a journeyman DsGl of Gozag (D:10)
  2 hydras (Lair:6)
  Fannar (Lair:3)
  Erolcha (D:11)
  A boulder beetle (Lair:6)
  A catoblepas (Lair:6)
  A centaur warrior (D:10)
  3 two-headed ogres
  The ghost of Clumpoid the Blocker, a novice GnFi of Cheibriados (D:8)
  Urug (Lair:1)
  Pikel (D:8)
  3 orc knights (Bailey)
  4 elephants (Lair:4)
  11 cane toads
  8 black mambas (Lair:6)
  A guardian serpent (Lair:6)
  Maggie (D:8)
  A kobold demonologist (D:7)
  3 torpor snails
  4 rime drakes
  13 komodo dragons
  11 polar bears
  2 trolls (D:10)
  4 hornets
  Grinder (D:6)
  2 raiju (Lair:6)
  9 blink frogs (Lair:5)
  5 dream sheep
  2 vampires (D:10)
  40 yaks
  11 wyverns
  A ynoxinul (D:8)
  Eustachio (D:4)
  Grum (D:8)
  4 basilisks
  3 steam dragons
  4 wargs (Lair:6)
  A redback (Lair:6)
  Edmund (D:6)
  5 swamp worms (Lair:1)
  23 water moccasins
  12 hell hounds (Lair:6)
  13 black bears
  3 ice beasts
  A necrophage (D:5)
  7 orc warriors
  3 sky beasts
  13 wolves
  2 ogres (D:5)
  3 centaurs
  A lemure (D:8)
  A phantom (D:5)
  3 kobold brigands
  Blork the orc (D:5)
  8 bullfrogs
  A scorpion (D:8)
  A water moccasin zombie (D:4)
  A wyvern skeleton (D:4)
  A wight (D:4)
  14 killer bees
  3 howler monkeys
  3 centaur zombies
  2 bullfrog zombies
  A jelly (D:7)
  4 bullfrog skeletons
  3 orc priests
  5 hounds
  A centaur skeleton (D:2)
  A gnoll shaman (D:5)
  3 orc wizards
  4 iguanas
  2 killer bee zombies
  4 mummies (Ossuary)
  Robin (D:3)
  9 gnolls
  9 adders
  2 shadow imps
  A white imp (D:6)
  2 worms (D:2)
  2 dart slugs
  23 orcs
  4 endoplasms
  4 giant cockroaches
  25 goblins
  13 hobgoblins
  3 jackals (D:3)
  6 quokkas
  10 ball pythons
  4 bats
  5 frilled lizards
  A hobgoblin zombie (Ossuary)
  27 kobolds
  2 kobold zombies (Ossuary)
  2 orc zombies (Ossuary)
  A quokka zombie (D:4)
  8 rats
  3 briar patches (Lair:1)
486 creatures vanquished.

Vanquished Creatures (collateral kills)
  3 hydras
  A two-headed ogre (D:8)
  A wolf spider (Lair:6)
  A will-o-the-wisp (Lair:4)
  3 cane toads
  A komodo dragon (Lair:5)
  A hornet (Lair:6)
  2 blink frogs (Lair:5)
  A slime creature (Lair:5)
  7 dream sheep
  5 yaks
  3 nagas (Lair:2)
  2 water moccasins (Lair:6)
  3 hell hounds (Lair:6)
  2 ogres
  2 wolves (Lair:6)
  A gnoll sergeant (D:9)
  2 killer bees (D:9)
  4 wights (D:7)
  A howler monkey (D:9)
  A jelly (Lair:5)
  4 mummies (Ossuary)
  4 gnolls (D:9)
  An orc (D:7)
  A gnoll zombie (Ossuary)
  A hobgoblin zombie (Ossuary)
  An orc zombie (Ossuary)
59 creatures vanquished.

Vanquished Creatures (others)
  A cane toad (Lair:6)
  A polar bear (Lair:1)
  A blink frog (Lair:5)
  A slime creature (Lair:5)
  2 wyverns (Lair:6)
  A water moccasin (Lair:6)
  An ice beast (D:7)
  A wolf (Lair:6)
  A jelly (Lair:5)
  An orc (D:7)
  A quokka (D:7)
  2 kobolds (D:8)
  3 briar patches (Lair:1)
  8 foxfires (Lair:4)
  60 fungi
  138 plants
  2 withered plants (Gauntlet)
225 creatures vanquished.

Grand Total: 770 creatures vanquished

Notes
Turn   | Place    | Note
-------+----------+-------------------------------------------
     0 | D:1      | lunkers the Vampire Enchanter began the quest for the Orb.
     0 | D:1      | Reached XP level 1. HP: 13/13 MP: 3/3
   215 | D:1      | Reached XP level 2. HP: 19/19 MP: 5/5
   276 | D:1      | Found a faded altar of an unknown god.
   453 | D:1      | Reached skill level 5 in Stealth
   666 | D:1      | Reached skill level 5 in Hexes
   881 | D:1      | Found Leolaer's Magic Scroll Emporium.
   914 | D:2      | Gained mutation: You are afflicted with vampirism and can
                  | become a bat while bloodless. [Vampire growth]
   914 | D:2      | Reached XP level 3. HP: 19/24 MP: 6/6
  1125 | D:2      | Learned a level 2 spell: Ensorcelled Hibernation
  1487 | D:2      | Reached XP level 4. HP: 21/30 MP: 7/7
  2307 | D:3      | Reached XP level 5. HP: 4/35 MP: 0/8
  2613 | D:3      | Noticed Robin
  3060 | D:3      | Killed Robin
  3232 | D:4      | Found a hazy altar of Hepliaklqana.
  3267 | D:4      | Noticed Eustachio
  3299 | D:4      | Learned a level 3 spell: Confusing Touch
  3303 | D:4      | Learned a level 3 spell: Tukima's Dance
  3310 | D:4      | Found a large runed translucent door.
  3311 | D:4      | Found a large runed translucent door.
  3346 | D:4      | Noticed an ogre
  3359 | D:4      | Killed an ogre
  3360 | D:4      | Reached XP level 6. HP: 31/41 MP: 5/9
  3425 | D:4      | Found a large runed translucent door.
  3425 | D:4      | Found a large runed translucent door.
  3780 | D:4      | Noticed a yak
  3780 | D:4      | Noticed a yak
  3782 | D:4      | Noticed a yak
  3785 | D:4      | Noticed a yak
  3786 | D:4      | Noticed a yak
  3788 | D:4      | Noticed a yak
  3796 | D:4      | Killed a yak
  3797 | D:4      | Reached XP level 7. HP: 37/46 MP: 6/10
  3827 | D:3      | Killed a yak
  3828 | D:3      | Reached skill level 5 in Short Blades
  3931 | D:3      | Killed a yak
  4217 | D:4      | Killed Eustachio
  4218 | D:4      | Reached XP level 8. HP: 50/52 MP: 2/11
  4384 | D:4      | Found a sacrificial altar of Ru.
  4648 | D:5      | Entered Level 5 of the Dungeon
  4749 | D:5      | Reached skill level 10 in Stealth
  4753 | D:5      | Learned a level 3 spell: Summon Guardian Golem
  4851 | D:5      | Found a stormy altar of Qazlal.
  5135 | D:5      | Found an iron altar of Okawaru.
  5155 | D:5      | You fall into a shaft and drop 1 floor!
  5160 | D:6      | Reached skill level 10 in Hexes
  5377 | D:6      | Found a staircase to the Ecumenical Temple.
  5400 | D:6      | Reached XP level 9. HP: 57/57 MP: 9/12
  5408 | Temple   | Entered the Ecumenical Temple
  5503 | Temple   | Became a worshipper of Ashenzari the Shackled
  5618 | D:5      | Noticed Blork the orc
  5624 | D:5      | Killed Blork the orc
  5666 | D:5      | Reached skill level 1 in Fighting
  5702 | D:5      | Found a bloodstained altar of Trog.
  5702 | D:5      | Found a burning altar of Makhleb.
  6296 | D:6      | Noticed Edmund
  6304 | D:6      | Killed Edmund
  6535 | D:6      | Noticed Grinder
  6548 | D:6      | Killed Grinder
  6991 | D:7      | Learned a level 3 spell: Call Canine Familiar
  7135 | D:7      | Reached skill level 1 in Summonings
  7494 | D:7      | Found a sand-covered staircase.
  7514 | Ossuary  | Entered an ossuary
  7927 | Ossuary  | Reached * piety under Ashenzari
  8089 | D:7      | Identified a scroll of acquirement
  8111 | D:7      | Noticed a kobold demonologist
  8192 | D:7      | Reached XP level 10. HP: 48/72 MP: 12/17
  8259 | D:7      | Reached skill level 5 in Dodging
  8664 | D:8      | Noticed Maggie
  8666 | D:8      | Killed Maggie
  8764 | D:8      | Noticed Grum
  8849 | D:8      | Killed Grum
  8850 | D:8      | Reached skill level 5 in Spellcasting
  8984 | D:8      | Found a runed translucent door.
  8985 | D:8      | Noticed Clumpoid's ghost (novice GnFi)
  9164 | D:8      | Identified the Handbook of Earth
  9172 | D:8      | Noticed Pikel
  9206 | D:8      | Killed Pikel
  9207 | D:8      | Reached skill level 5 in Fighting
  9232 | D:8      | Noticed a two-headed ogre
  9243 | D:8      | Killed a two-headed ogre
  9321 | D:8      | Reached skill level 5 in Summonings
  9402 | D:8      | Reached ** piety under Ashenzari
  9424 | D:8      | Reached XP level 11. HP: 49/83 MP: 11/21
  9689 | D:8      | Found a staircase to the Lair.
 10095 | D:9      | Noticed a two-headed ogre
 10114 | D:9      | Killed a two-headed ogre
 10337 | Lair:1   | Entered Level 1 of the Lair of Beasts
 10358 | Lair:1   | Found a transporter.
 10431 | Lair:1   | Reached skill level 1 in Shields
 10506 | Lair:1   | Noticed a six-headed hydra
 10522 | Lair:1   | Killed a six-headed hydra
 10823 | Lair:1   | Noticed Urug
 10838 | Lair:1   | Killed Urug
 11006 | Lair:1   | Reached *** piety under Ashenzari
 11156 | Lair:1   | Found a transporter.
 11330 | Lair:2   | Found a radiant altar of Vehumet.
 11477 | Lair:2   | Reached **** piety under Ashenzari
 11497 | Lair:2   | Found a staircase to the Snake Pit.
 12376 | Lair:3   | Reached ***** piety under Ashenzari
 12519 | Lair:3   | Noticed Fannar
 12526 | Lair:3   | Killed Fannar
 12527 | Lair:3   | Reached XP level 12. HP: 95/95 MP: 25/25
 12737 | Lair:4   | Noticed a seven-headed hydra
 12751 | Lair:4   | Killed a seven-headed hydra
 12847 | Lair:4   | Found a staircase to the Swamp.
 13253 | Lair:4   | Identified the +0 scale mail "Daffyok" {Int+3}
 13263 | Lair:4   | Noticed a seven-headed hydra
 13280 | Lair:4   | Killed a seven-headed hydra
 13999 | Lair:5   | Reached skill level 10 in Dodging
 14193 | Lair:1   | Acquired Great Wizards, Vol. VII
 14201 | Lair:1   | Learned a level 5 spell: Yara's Violent Unravelling
 14541 | Lair:1   | Reached ****** piety under Ashenzari
 14973 | Lair:5   | Found a staircase to the Slime Pits.
 14990 | Lair:5   | Reached XP level 13. HP: 96/111 MP: 24/30
 15806 | Lair:6   | Entered Level 6 of the Lair of Beasts
 16821 | Lair:6   | Reached skill level 10 in Summonings
 17438 | Lair:6   | Reached skill level 10 in Spellcasting
 17951 | Lair:6   | Reached XP level 14. HP: 107/123 MP: 22/33
 18150 | Lair:6   | Reached skill level 10 in Fighting
 19451 | D:8      | Killed Clumpoid's ghost
 19472 | D:8      | Learned a level 6 spell: Statue Form
 19568 | D:9      | Found an ancient bone altar of Kikubaaqudgha.
 20004 | D:9      | Identified the +3 ring mail of Autumn {Int+4 Stlth-}
 20299 | D:10     | Entered Level 10 of the Dungeon
 20315 | D:10     | Reached skill level 1 in Transmutations
 20321 | D:10     | Reached skill level 1 in Earth Magic
 20332 | D:10     | Identified the +6 dagger of Dawn {vorpal, Str+3 Dex+5}
 20333 | D:10     | Found a flagged portal.
 20366 | Bailey   | Entered a bailey
 20409 | Bailey   | Identified the +6 long sword "Embalmer" {antimagic, Fly
                  | rPois rC- rN+++}
 21056 | D:10     | Noticed flotson's ghost (journeyman DsGl)
 21082 | D:10     | Found a runed translucent door.
 21326 | D:10     | Found an ornate altar of the Wu Jian Council.
 21373 | D:10     | Killed flotson's ghost
 21464 | D:11     | Noticed Erolcha
 21472 | D:11     | Killed Erolcha
 21525 | D:11     | Found a gate leading to a gauntlet.
 21534 | Gauntlet | Entered a Gauntlet
 21543 | Gauntlet | Found a transporter.
 21543 | Gauntlet | Found a transporter.
 21549 | Gauntlet | Identified the amulet of Zuplyfoq {Acrobat Contam Harm rN+
                  | Regen+}
 21557 | Gauntlet | Found a transporter.
 21557 | Gauntlet | Found a transporter.
 21567 | Gauntlet | Found a transporter.
 21571 | Gauntlet | Identified the ring of Utar {rPois rF+ rN+}
 21615 | Gauntlet | Found a transporter.
 21636 | Gauntlet | Found a transporter.
 21654 | Gauntlet | Found a transporter.
 21658 | Gauntlet | Found a transporter.
 21669 | Gauntlet | Found a transporter.
 21672 | Gauntlet | Found a transporter.
 21683 | Gauntlet | Found a transporter.
 21787 | Gauntlet | HP: 5/184 [sixfirhy (12)]
 21788 | Gauntlet | HP: 1/184 [sixfirhy (4)]
 21788 | Gauntlet | Mangled by a sixfirhy

Illustrated notes

Levels and vault maps discovered:
D:1:      shiori_arrival_oz, layout_loops_ring, serial_shops,
          nicolae_shop_statue_plus, hellmonk_ecumenical_altar_lost_god
D:2:      layout_loops_ring
D:3:      kennysheep_goblin_castle, layout_loops_ring
D:4:      layout_loops_ring, nicolae_ru_the_path_less_chosen,
          mainiacjoe_overflow_boulevard, minmay_hollow_rounded_squares,
          uniq_eustachio
D:5:      layout_basic, okawaru_trees_2, nicolae_qazlal_general_emergency,
          jmf_multi_god_temple, minmay_misc_feat_hallway, minmay_crystal_water,
          uniq_blork_the_orc
D:6:      layout_loops_ring, minmay_temple_entry_gardened_gates, uniq_grinder,
          uniq_edmund
D:7:      layout_rooms, elyvilon_altar_4, chequers_ossuary_entry_cave,
          uniq_duvessa
D:8:      layout_rooms, tso_oasis_becter, due_lair_maze_entry_diamond,
          hellmonk_ghost_big_iron, uniq_pikel, uniq_maggie, uniq_grum
D:9:      minmay_statue_hallways, layout_gridville,
          mainiacjoe_overflow_concentric_impassable, grunt_ministairs_6
D:10:     layout_loops_ring, nzn_wu_jian_council_hall, enter_bailey_3,
          hellmonk_ghost_happy_afterlife, hangedman_decor_slide_cut
D:11:     layout_long_grid, gauntlet_entry_generic, wad_floor_pattern_untrapped,
          fedhas_altar_4, uniq_erolcha
Temple:   ebering_untended_altars
Lair:1:   gammafunk_worm_tunnel, layout_chaotic_city, cheibrodos_lair_lostbears,
          grunt_megastairs_2, uniq_urug
Lair:2:   layout_big_grid, guppyfry_snake_entry_island, basic_altar
Lair:3:   layout_hall_layers, lemuel_fruit_fields, lemuel_fruit_tree,
          lemuel_fruit_fields, uniq_fannar
Lair:4:   layout_gridlike, minmay_swamp_entry_wisps, grunt_megastairs_3
Lair:5:   layout_loops_ring, minmay_slime_entry_pillars, grunt_megastairs_5
Lair:6:   hangedman_lair_tendril_chambers, layout_regular_city,
          hangedman_lair_caniforms_friends, chequers_serial_rivers_micro_e,
          serial_bayou_pond_b
Gauntlet: gammafunk_gauntlet_hard_choice [gammafunk_gauntlet_arena_corners,
          gammafunk_gauntlet_arena_open, gammafunk_gauntlet_arena_grid,
          nicolae_gauntlet_swirl, nicolae_gauntlet_arena_x,
          gammafunk_gauntlet_arena_mazey, dreamdust_gauntlet_exit_labyrinth]

Skill      XL: |  1  2  3  4  5  6  7  8  9 10 11 12 13 14 |
---------------+-------------------------------------------+-----
Stealth        | 5 6 7 8 9 11 12 | 12.0
Short Blades   | 2 3 4 5 7 8 |  8.0
Hexes          | 5 6 7 8 10 12 | 12.4
Fighting       | 3 5 6 8 9 10 | 10.3
Dodging        | 4 7 8 10 12 | 12.5
Spellcasting   | 4 5 7 8 10 | 10.1
Summonings     | 2 5 7 8 10 | 10.3
Shields        | 3 4 |  4.0
Transmutations | 4 |  4.3
Earth Magic    | 4 |  4.0

Action                   |  1- 3 |  4- 6 |  7- 9 | 10-12 | 13-15 || total
-------------------------+-------+-------+-------+-------+-------++-------
Melee: Dagger            |   141 |   168 |   605 |   484 |   732 ||  2130
       Bite              |    12 |    14 |    79 |    84 |   114 ||   303
       Punch             |     1 |     1 |       |       |       ||     2
Throw: Dart              |       |       |       |     1 |       ||     1
 Cast: Ensorcelled Hiber |     8 |    29 |    31 |   109 |   158 ||   335
       Tukima's Dance    |       |     1 |    12 |    12 |       ||    25
       Confusing Touch   |       |       |    17 |     8 |    22 ||    47
       Summon Guardian G |       |       |     6 |    15 |    11 ||    32
       Call Canine Famil |       |       |     5 |    17 |    11 ||    33
Invok: Curse Item        |       |       |     2 |     8 |     1 ||    11
       Shatter the Chain |       |       |       |       |     1 ||     1
Evoke: Wand              |       |       |     1 |    18 |       ||    19
  Use: Potion            |       |     1 |     1 |       |     2 ||     4
       Scroll            |       |       |       |     1 |     2 ||     3
 Stab: Sleeping          |    11 |    32 |    34 |    74 |   117 ||   268
       Distracted        |       |     1 |     2 |     5 |    10 ||    18
       Invisible         |       |     1 |       |     2 |       ||     3
       Confused          |       |       |    18 |     9 |    30 ||    57
       Paralysed         |       |       |     1 |       |       ||     1
Armor: Robe              |    23 |    37 |     4 |       |       ||    64
       Leather armour    |       |       |    69 |     6 |       ||    75
       Swamp dragon scal |       |       |       |    83 |   156 ||   239
Dodge: Dodged            |    85 |    77 |   156 |   137 |   380 ||   835
Block: Buckler           |       |    15 |   221 |   211 |   441 ||   888
       Reflection        |       |       |       |    13 |     9 ||    22

Table legend: (Time is in decaauts)
 A = Elapsed time spent in this place.
 B = Non-inter-level travel time spent in this place.
 C = Inter-level travel time spent in this place.
 D = Time resting spent in this place.
 E = Time spent auto-exploring this place.
 F = Levels seen in this place.
 G = Mean time per level.
                   A        B        C        D        E       F      G
               +--------+--------+--------+--------+--------+-----+--------+
         Total |  21066 |  20173 |    893 |    872 |  13817 |  21 | 1003.1 |
       Dungeon |  11109 |  10657 |    452 |    427 |   7264 |  11 | 1009.9 |
        Temple |    106 |     95 |     11 |      0 |     79 |   1 |  106.0 |
          Lair |   8755 |   8325 |    430 |    386 |   6137 |   6 | 1459.2 |
       Ossuary |    432 |    432 |      0 |     43 |    227 |   1 |  432.0 |
        Bailey |    410 |    410 |      0 |      0 |    107 |   1 |  410.0 |
      Gauntlet |    252 |    252 |      0 |     16 |      2 |   1 |  252.0 |
               +--------+--------+--------+--------+--------+-----+--------+

Top non-repeatable levels by time:
  Lair:6: 3138 daAuts
  Lair:1: 1595 daAuts
  Lair:5: 1504 daAuts
     D:3: 1430 daAuts
     D:4: 1289 daAuts
     D:8: 1249 daAuts
     D:9: 1203 daAuts
     D:6: 1108 daAuts
     D:5: 1084 daAuts
  Lair:4: 1073 daAuts
     D:7: 1057 daAuts
     D:1: 1008 daAuts
     D:2: 918 daAuts
  Lair:2: 771 daAuts
  Lair:3: 672 daAuts
